 Dungeon Crawl Stone Soup version 0.30.1-1-g62c8e00024 (webtiles) character file.

Game seed: 5308904184879964947

10024 Babbit the Cleaver (level 11, -5/99 HPs)
             Began as a Minotaur Fighter on July 16, 2023.
             Was a Believer of Okawaru.
             Slain by a nine-headed hydra (8 damage)
             ... on level 2 of the Lair of Beasts on July 18, 2023.
             The game lasted 01:20:17 (9122 turns).

Babbit the Cleaver (Minotaur Fighter)               Turns: 9122, Time: 01:20:18

Health: -5/99      AC: 20    Str: 30    XL:     11   Next: 30%
Magic:  12/12      EV:  8    Int:  5    God:    Okawaru [**....]
Gold:   368        SH:  6    Dex:  9    Spells: 10/10 levels left

rFire   + . .        a - +0 war axe (chaos)
rCold   + + .        c - +0 buckler
rNeg    . . .        i - +0 plate armour
rPois   .            q - +0 hat "Sohiyrih" {Str+4}
rElec   .            J - scarf {rC+ rF+}
rCorr   .            (no gloves)
SInv    .            n - +1 pair of boots {rampage}
Will    .....        (no amulet) Stlth
                     A - +4 ring of protection
HPRegen 0.36/turn    z - ring of protection from cold
MPRegen 0.13/turn

%: rampage
@: about to teleport
A: horns 2, retaliatory headbutt
a: Renounce Religion, Heroism


You were on level 2 of the Lair of Beasts.
You worshipped Okawaru.
Okawaru was pleased with you.
You visited 3 branches of the dungeon, and saw 11 of its levels.

You collected 552 gold pieces.
You spent 184 gold pieces at shops.

Inventory:

Hand Weapons
 a - a +0 war axe of chaos (weapon)
 G - the +4 short sword "Kut Ypt" {venom, MP+9 Str+3 Int+3}
   (You found it on level 7 of the Dungeon)

   Str:       It affects your strength (+3).
   Int:       It affects your intelligence (+3).
   MP:        It affects your magic capacity (+9).
Missiles
 m - 25 poisoned darts
 v - 6 boomerangs
Armour
 b - an orb of energy
 c - a +0 buckler (worn)
 i - a +0 plate armour (worn)
 n - a +1 pair of boots of rampaging (worn)
 q - the +0 hat "Sohiyrih" (worn) {Str+4}
   (You found it on level 4 of the Dungeon)

   Str:       It affects your strength (+4).
 t - a +0 cloak
 J - a scarf of resistance (worn)
Jewellery
 d - a ring of resist corrosion
 f - an amulet of faith
 p - a +6 ring of intelligence
 z - a ring of protection from cold (right hand)
 A - a +4 ring of protection (left hand)
 C - a +5 ring of evasion
 F - a +4 ring of protection
Wands
 o - a wand of flame (40) (quivered)
 w - a wand of iceblast (26)
 x - a wand of light (13)
Scrolls
 g - 3 scrolls of poison
 s - a scroll of identify
 y - a scroll of enchant armour {unknown}
 B - a scroll of amnesia {unknown}
 D - a scroll of butterflies
 H - a scroll of immolation {unknown}
Potions
 e - a potion of flight
 h - a potion of berserk rage
 j - 2 potions of invisibility
 k - 2 potions of mutation
 r - 2 potions of ambrosia
 u - a potion of attraction
 E - a potion of brilliance


   Skills:
 + Level 9.8 Fighting
 * Level 12.8 Axes
 * Level 4.9 Throwing
 + Level 9.7 Armour
 + Level 9.7 Shields
 * Level 3.2 Invocations


You had 10 spell levels left.
You didn't know any spells.
Your spell library contained the following spells:

 Spells                   Type           Power      Damage    Failure   Level
 Freeze                   Ice            0%         1d3       99%         1
 Poisonous Vapours        Pois/Air       0%         N/A       100%        2
 Dazzling Flash           Conj/Hex       0%         N/A       100%        3
 Frozen Ramparts          Ice            0%         1d1       100%        3
 Hailstorm                Conj/Ice       0%         3d3       100%        3
 Mephitic Cloud           Conj/Pois/Air  0%         N/A       100%        3
 Volatile Blastmotes      Fire/Tloc      0%         2d10      100%        3
 Fulminant Prism          Conj/Hex       0%         3d5       100%        4
 Iskenderun's Mystic Bla  Conj/Tloc      0%         2d3       100%        4
 Passage of Golubria      Tloc           0%         N/A       100%        4
 Freezing Cloud           Conj/Ice/Air   0%         6-21      100%        5
 Lee's Rapid Deconstruct  Erth           0%         3d4*      100%        5
 Yara's Violent Unravell  Hex/Tmut       0%         3d3       100%        5
 Starburst                Conj/Fire      0%         6d3       100%        6
 Tukima's Dance           Hex            Unusable   N/A       N/A         3

Dungeon Overview and Level Annotations

Branches:
Dungeon (8/15)             Temple (1/1) D:5            Lair (2/5) D:8
  Swamp: Lair:2-3    Shoals: Lair:2-3     Snake: Lair:2-3    Spider: Lair:2-3

Altars:
Ashenzari
Cheibriados
Dithmenos
Elyvilon
Fedhas
Gozag
Hepliaklqana
Kikubaaqudgha
Makhleb
Nemelex Xobeh
Okawaru
Qazlal
Ru
Sif Muna
Trog
Uskayaw
Vehumet
Xom
Yredelemnul
Zin
The Shining One

Shops:
D:8 [

Annotations:
D:1 1 transporter


Innate Abilities, Weirdness & Mutations

You have a pair of horns on your head.
You reflexively headbutt those who attack you in melee.


Message History

The eight-headed hydra completely misses you.
The eight-headed hydra barely misses you.
The eight-headed hydra bites you but does no damage.
The eight-headed hydra bites you. x4
The eight-headed hydra bites you but does no damage.
The eight-headed hydra barely misses you.
The eight-headed hydra bites you but does no damage.
You slice one of the eight-headed hydra's heads off!
The seven-headed hydra grows two more!
You hit the nine-headed hydra.
The nine-headed hydra goes berserk!
You headbutt the nine-headed hydra!
The nine-headed hydra is heavily wounded.
The nine-headed hydra bites you but does no damage.
The nine-headed hydra bites you!
The nine-headed hydra bites you but does no damage. x4
You block the nine-headed hydra's attack.
The nine-headed hydra bites you but does no damage.
You block the nine-headed hydra's attack.
You barely miss the nine-headed hydra. You headbutt the nine-headed hydra.
The nine-headed hydra is heavily wounded.
The nine-headed hydra bites you.
* * * LOW HITPOINT WARNING * * *
The nine-headed hydra closely misses you.
You block the nine-headed hydra's attack. x2
The nine-headed hydra bites you!
* * * LOW HITPOINT WARNING * * *
The nine-headed hydra bites you but does no damage. x2
The nine-headed hydra bites you!
* * * LOW HITPOINT WARNING * * *
The nine-headed hydra bites you.
* * * LOW HITPOINT WARNING * * *
As you read the scroll of teleportation, it crumbles to dust.
You feel strangely unstable.
You block the nine-headed hydra's attack.
The nine-headed hydra bites you.
* * * LOW HITPOINT WARNING * * *
The nine-headed hydra bites you.
* * * LOW HITPOINT WARNING * * *
The nine-headed hydra bites you but does no damage. x2
The nine-headed hydra bites you!
You die...

...# ### ...# #...###.# ########
.... ##..<.##.########P#P.#.##
..... ##.....##..#P.............
..... #......................^..
......##.>......................
.#/...#.........................
................................
..............D@..............#.
..........................#.###.
......##.....######P.######## ##
.....# #....## #### .....
#....## #... .....## ... .#...##
... ...##


You could see a nine-headed hydra (berserk, fast).

Vanquished Creatures
  Erica (Lair:1)
  A harpy (shapeshifter) (D:6)
  Pikel (D:6)
  An ugly thing (D:8)
  A black mamba (Lair:1)
  4 cane toads (Lair:1)
  A yaktaur (shapeshifter) (D:5)
  A komodo dragon (Lair:2)
  3 blink frogs (Lair:2)
  Grinder (D:3)
  Sigmund (D:3)
  5 yaks (Lair:1)
  3 water moccasins
  3 orc warriors
  4 ice beasts
  4 black bears
  4 ogres
  3 centaurs
  5 wolves (Lair:1)
  A lemure (D:6)
  A kobold brigand (D:5)
  5 bullfrogs
  2 gnoll sergeants
  6 scorpions
  3 killer bees (D:8)
  An electric eel (Lair:1)
  A gnoll bouda (D:8)
  3 hounds
  4 iguanas
  A jelly (D:6)
  9 orc priests
  Jessica (D:3)
  A sleepcap (D:8)
  8 orc wizards
  Ijyb (D:5)
  Robin (D:3)
  10 adders
  14 gnolls
  A shadow imp (D:7)
  6 white imps
  An ufetubus (D:3)
  A worm (D:3)
  2 dart slugs (D:1)
  27 orcs
  12 ball pythons
  8 endoplasms
  6 giant cockroaches
  17 goblins
  20 hobgoblins
  3 jackals (D:1)
  4 quokkas
  4 bats
  3 frilled lizards
  10 kobolds
  7 rats
252 creatures vanquished.

Vanquished Creatures (others)
  An orc wizard (D:5)
1 creature vanquished.

Grand Total: 253 creatures vanquished

Notes
Turn   | Place    | Note
-------+----------+-------------------------------------------
     0 | D:1      | Babbit the Minotaur Fighter began the quest for the Orb.
     0 | D:1      | Reached XP level 1. HP: 19/19 MP: 0/0
   144 | D:1      | Reached XP level 2. HP: 27/27 MP: 1/1
   189 | D:1      | Reached skill level 3 in Axes
   224 | D:1      | Found a faded altar of an unknown god.
   317 | D:1      | Reached XP level 3. HP: 18/33 MP: 2/2
  1193 | D:2      | Reached XP level 4. HP: 34/40 MP: 3/3
  1215 | D:2      | Reached skill level 4 in Axes
  1401 | D:3      | Noticed Jessica
  1406 | D:3      | Killed Jessica
  1407 | D:3      | Noticed Grinder
  1416 | D:3      | Killed Grinder
  1417 | D:3      | Reached skill level 5 in Axes
  1417 | D:3      | Reached XP level 5. HP: 31/47 MP: 4/4
  1417 | D:3      | Reached XP level 6. HP: 36/55 MP: 5/5
  1611 | D:3      | Noticed Robin
  1612 | D:3      | Reached skill level 5 in Fighting
  1635 | D:3      | Reached skill level 5 in Shields
  1637 | D:3      | Killed Robin
  1701 | D:3      | Reached skill level 5 in Armour
  1791 | D:3      | Noticed Sigmund
  1806 | D:3      | Killed Sigmund
  1807 | D:3      | Reached skill level 6 in Axes
  1807 | D:3      | Reached XP level 7. HP: 20/61 MP: 6/6
  2477 | D:4      | Identified the +0 hat "Sohiyrih" {Str+4}
  2588 | D:4      | Reached skill level 7 in Axes
  2911 | D:5      | Entered Level 5 of the Dungeon
  3057 | D:5      | Reached XP level 8. HP: 70/70 MP: 7/7
  3217 | D:5      | Noticed Ijyb
  3221 | D:5      | Killed Ijyb
  3222 | D:5      | Reached skill level 8 in Axes
  3475 | D:5      | Found a staircase to the Ecumenical Temple.
  3484 | Temple   | Entered the Ecumenical Temple
  3871 | D:5      | Found a sparkling altar of Nemelex Xobeh.
  3926 | D:5      | Found a basalt altar of Yredelemnul.
  3926 | D:5      | Found a blossoming altar of Fedhas.
  3960 | D:5      | You fall into a shaft and drop 1 floor!
  4038 | D:6      | Noticed Pikel
  4048 | D:6      | Killed Pikel
  4049 | D:6      | Reached skill level 9 in Axes
  4206 | D:5      | Reached XP level 9. HP: 79/79 MP: 8/8
  4433 | D:5      | a shapeshifter changed into a yaktaur
  4433 | D:5      | Noticed a yaktaur (shapeshifter)
  4437 | D:5      | Killed a yaktaur
  4710 | D:5      | Reached skill level 10 in Axes
  4846 | D:6      | a shapeshifter changed into a harpy
  4846 | D:6      | Noticed a harpy (shapeshifter)
  4851 | D:6      | Killed a harpy
  5301 | D:6      | Reached skill level 11 in Axes
  5572 | D:7      | Reached XP level 10. HP: 90/90 MP: 9/9
  5812 | D:7      | Found a white marble altar of Elyvilon.
  5931 | D:7      | Identified the +4 short sword "Kut Ypt" {venom, MP+9 Str+3
                  | Int+3}
  6258 | D:7      | Reached skill level 1 in Throwing
  6692 | D:8      | Found a staircase to the Lair.
  6864 | D:8      | Noticed a green ugly thing
  6879 | D:8      | Killed a green ugly thing
  7339 | D:8      | Found an iron altar of Okawaru.
  7379 | D:8      | Reached skill level 12 in Axes
  7397 | D:8      | Became a worshipper of Warmaster Okawaru
  7658 | D:8      | Found Kahihina's Antique Armour Shoppe.
  7661 | D:8      | Bought a glowing scarf for 184 gold pieces
  7691 | Lair:1   | Entered Level 1 of the Lair of Beasts
  7746 | Lair:1   | Noticed a cane toad
  7747 | Lair:1   | Noticed a cane toad
  7757 | Lair:1   | Killed a cane toad
  7761 | Lair:1   | Killed a cane toad
  7823 | Lair:1   | Noticed Erica
  7858 | Lair:1   | Killed Erica
  7858 | Lair:1   | Reached * piety under Okawaru
  7859 | Lair:1   | Reached skill level 1 in Invocations
  8084 | Lair:1   | Noticed a cane toad
  8092 | Lair:1   | Killed a cane toad
  8316 | Lair:1   | Noticed a black mamba
  8317 | Lair:1   | Noticed a cane toad
  8322 | Lair:1   | Killed a black mamba
  8323 | Lair:1   | Reached XP level 11. HP: 93/97 MP: 11/11
  8345 | Lair:1   | Reached ** piety under Okawaru
  8353 | Lair:1   | HP: 4/97 [poisoned by a cane toad]
  8356 | Lair:1   | HP: 1/97 [poisoned by a cane toad]
  9104 | Lair:2   | Noticed a five-headed hydra
  9122 | Lair:2   | HP: 3/99 [nine-headed hydra (3)]
  9122 | Lair:2   | Slain by a nine-headed hydra

Illustrated notes

Levels and vault maps discovered:
D:1:      spicycebolla_arrival_risky_transporter, layout_rooms,
          hellmonk_ecumenical_altar_leap_of_faith, hangedman_decor_growths,
          st_stairs_5
D:2:      layout_basic, serial_bayou_lagoon_b
D:3:      layout_basic, uniq_grinder, uniq_robin, uniq_jessica, uniq_sigmund
D:4:      cheibrodos_greedy_goblins, layout_cave_pools, chequers_big_river
D:5:      layout_basic, nemelex_dance_club_becter,
          gammafunk_temple_overflow_elements, temple_hall, roderic_lattice_a,
          sigmund_army, uniq_ijyb
D:6:      layout_rooms, interstate_on_off, uniq_pikel
D:7:      minmay_spotlight, layout_basic, lemuel_crystal_altar
D:8:      layout_loops_ring, mainiacjoe_overflow_paths, lair_entry_dummy,
          serial_shops, nicolae_shop_tiny_real_fake_doors
Temple:   nicolae_temple_bog_church
Lair:1:   layout_loops_ring, nicolae_quartered_pool_medium, lemuel_fruit_tree,
          uniq_erica
Lair:2:   layout_hall_layers, grunt_forest_small_clearings,
          chequers_serial_rivers_small_a

Skill      XL: |  1  2  3  4  5  6  7  8  9 10 11 |
---------------+----------------------------------+-----
Axes           | 3 5 6 7 9 11 12 | 12.8
Fighting       | 4 5 6 7 8 9 |  9.8
Armour         | 4 5 6 7 8 9 |  9.7
Shields        | 4 5 6 7 8 9 |  9.7
Throwing       | 4 |  4.9
Invocations    | 2 3 |  3.2

Action                     |  1- 3 |  4- 6 |  7- 9 | 10-12 || total
---------------------------+-------+-------+-------+-------++-------
  Melee: War axe           |   113 |   100 |   267 |   239 ||   719
         Headbutt          |    10 |    18 |    46 |    39 ||   113
  Throw: Dart              |       |     1 |     7 |       ||     8
  Evoke: Wand              |       |       |       |    15 ||    15
    Use: Scroll            |     3 |     2 |     6 |     5 ||    16
         Potion            |       |     2 |       |     6 ||     8
 Armour: Scale mail        |    76 |    33 |    18 |       ||   127
         Plate armour      |       |       |   131 |   139 ||   270
  Dodge: Dodged            |    66 |    38 |    88 |    70 ||   262
  Block: Buckler           |    33 |    13 |    54 |    53 ||   153
